Map: Base du roi Sejong EC

Players

zidar

  • Race: Zerg Zerg
  • League: Platinum
  • Spawn Location: 5:00

selexx - Winner!

  • Race: Terran Terran
  • Spawn Location: 11:00

VOD

Have the link to the VOD?

Description

Time

  • Played on: Oct. 19, 2016, 1:56 p.m.
  • Length: 12:35
Show
View Real Time Build Order
Export as new Build Order

zidar Zerg 

Build Orders: Hatch First 

Get SALT Encoding   

  12  0:01  Drone  
  13  0:12  Overlord  
  13  0:18  Drone  
  14  0:30  Drone x2  
  16  0:53  Hatchery  
  16  0:55  Drone  
  16  0:59  Extractor  
  16  1:02  Drone  
  16  1:20  Spawning Pool  
  16  1:24  Drone  
  16  1:32  Drone  
  17  1:34  Drone  
  18  1:47  Drone  
  19  2:08  Queen x2  
  20  2:10  Zergling x2  
  20  2:11  Zergling x2  
  20  2:14  Drone  
  25  2:18  Drone  
  26  2:24  Metabolic Boost  
  26  2:33  Baneling Nest  
  25  3:09  Pneumatized Carapace  
  25  3:11  Overlord x2  
  25  3:14  Drone x3  
  28  3:25  Extractor  
  28  3:27  Drone  
  28  3:30  Drone x6  
  28  3:31  Drone  
  35  3:49  Lair  
  35  3:52  Queen  
  37  4:13  Evolution Chamber  
  37  4:15  Evolution Chamber  
  35  4:25  Drone x3  
  35  4:27  Drone  
  35  4:29  Drone x5  
  44  4:39  Overlord x3  
  44  4:45  Zerg Melee Weapons Level 1  
  44  4:47  Zerg Ground Armor Level 1  
  44  5:08  Zergling x8  
  44  5:09  Zergling x2  
  44  5:10  Zergling x2  
  44  5:11  Baneling x4  
  44  5:13  Centrifical Hooks  
  50  5:28  Hatchery  
  49  5:44  Extractor x2, Drone x3  
  49  5:46  Drone x4  
  54  6:19  Zergling x20  
  62  6:28  Baneling  
  46  6:53  Zergling x14  
  46  7:01  Zerg Ground Armor Level 2  
  31  7:11  Roach Warren  
  31  7:14  Baneling x8  
  30  7:15  Spine Crawler  
  30  7:19  Spine Crawler  
  21  7:44  Drone  
  21  7:45  Drone x4  
  21  7:49  Hatchery  
  25  7:59  Overseer  
  25  8:02  Queen  
  27  8:06  Drone x4  
  31  8:33  Drone x7  
  38  8:48  Zerg Missile Weapons Level 1  
  38  8:51  Roach  
  38  8:52  Roach x5  
  50  9:17  Roach x8  
  60  9:23  Overlord x2  
  66  9:43  Ravager x3  
  66  9:44  Ravager  
  60  10:24  Drone x15  
  75  10:33  Queen  
  71  11:04  Drone x10  
  78  11:30  Queen  
  80  11:36  Roach  
  82  11:42  Overlord x3  
  82  12:06  Drone x2  
  82  12:07  Drone x10  
  94  12:08  Infestation Pit  
  94  12:13  Extractor  
  92  12:15  Extractor  
Show
View Real Time Build Order
Export as new Build Order

selexx Terran - Winner!

Build Orders: Reaper Expand 

Get SALT Encoding   

  12  0:03  SCV  
  13  0:15  SCV  
  13  0:19  Supply Depot  
  14  0:27  SCV  
  15  0:41  SCV  
  16  0:43  Barracks  
  16  0:48  Refinery  
  16  0:53  SCV  
  17  1:05  SCV  
  18  1:17  SCV  
  19  1:31  Reaper, Orbital Command  
  20  1:43  Command Center  
  20  1:58  SCV  
  21  2:01  Refinery  
  21  2:17  Barracks Reactor  
  21  2:18  SCV  
  21  2:22  Supply Depot  
  22  2:31  SCV  
  22  2:35  Factory  
  23  2:43  SCV  
  24  2:55  SCV  
  26  2:59  Orbital Command  
  26  3:01  Marine x2  
  27  3:13  SCV  
  27  3:14  Supply Depot  
  28  3:28  Hellion x2  
  32  3:35  Starport  
  32  3:37  Marine  
  32  3:39  Barracks  
  33  3:42  Bunker  
  33  3:44  SCV  
  33  3:46  SCV  
  35  3:49  Hellion x2  
  39  3:57  Marine, SCV  
  41  4:03  Armory  
  41  4:11  Hellion  
  43  4:18  Supply Depot  
  43  4:21  SCV, Supply Depot  
  43  4:22  SCV  
  43  4:23  Marine  
  46  4:24  Medivac  
  46  4:27  Barracks Tech Lab  
  48  4:34  SCV  
  49  4:39  Hellion x2  
  49  4:41  Marine  
  54  4:58  SCV  
  55  5:01  Medivac  
  55  5:05  SCV  
  58  5:08  Refinery  
  58  5:09  Refinery  
  58  5:10  SCV  
  58  5:12  Supply Depot  
  59  5:15  Supply Depot  
  59  5:17  SCV  
  60  5:22  SCV  
  61  5:29  SCV  
  61  5:31  Marauder, Stimpack  
  61  5:32  Barracks Reactor  
  61  5:34  SCV  
  65  5:41  SCV  
  66  5:47  SCV  
  67  5:53  Command Center  
  67  5:57  Engineering Bay  
  67  6:00  Barracks  
  67  6:01  Engineering Bay  
  67  6:05  Marauder  
  67  6:10  Hellion x2  
  73  6:26  Marine  
  73  6:31  Hellion  
  74  6:44  Marine  
  73  6:58  Hellion x2  
  77  7:04  Marine x2  
  77  7:05  Starport Reactor  
  77  7:07  Terran Infantry Weapons Level 1  
  79  7:08  Terran Infantry Armor Level 1  
  79  7:10  Barracks Tech Lab  
  79  7:11  Barracks  
  79  7:14  Orbital Command  
  79  7:18  SCV x2  
  79  7:19  Missile Turret, Hellion  
  79  7:21  Marine  
  84  7:29  Marine, Marauder  
  87  7:30  SCV  
  75  7:39  Marine  
  75  7:40  SCV  
  77  7:47  Marine  
  77  7:50  Marauder  
  80  7:53  Liberator x2  
  80  7:56  Barracks  
  80  7:59  Barracks x2  
  80  8:00  Barracks  
  80  8:04  Barracks, Orbital Command  
  80  8:07  Terran Ship Weapons Level 1  
  86  8:12  Starport  
  86  8:25  SCV  
  87  8:31  SCV x2  
  89  8:37  SCV  
  90  8:43  SCV x2  
  92  8:52  Barracks Tech Lab x2, Barracks Reactor x2  
  92  8:53  Barracks Reactor  
  92  8:56  Starport Reactor  
  92  8:57  Bunker  
  92  9:00  Marauder, Missile Turret  
  92  9:01  Marine x3, Marauder  
  99  9:05  Hellbat  
  99  9:09  Refinery  
  101  9:11  Refinery  
  101  9:17  Supply Depot  
  101  9:19  Supply Depot  
  101  9:21  Supply Depot  
  101  9:25  Supply Depot  
  101  9:27  Supply Depot  
  101  9:29  Supply Depot  
  101  9:31  Supply Depot  
  101  9:32  Liberator  
  101  9:38  Marine  
  101  9:39  Hellbat x2, SCV x3  
  101  9:41  Marine x4  
  101  9:42  Marauder x2  
  101  9:43  Marine x4  
  101  9:44  Marine x2  
  123  9:51  SCV x3, Supply Depot  
  129  9:55  Supply Depot  
  129  9:57  Marauder  
  129  9:58  Marine  
  129  9:59  Marauder  
  134  10:03  Marauder x2, SCV x2  
  134  10:04  Liberator x3  
  137  10:15  Liberator  
  137  10:18  Marauder  
  137  10:20  Marauder  
  147  10:24  Marine, Marauder  
  147  10:25  Marine, Marauder  
  147  10:26  Barracks Tech Lab  
  159  10:40  Marauder  
  159  10:42  Marauder  
  163  10:44  Marine x5  
  163  10:45  Marine x4  
  163  10:47  Liberator  
  172  10:56  Supply Depot  
  172  10:57  Supply Depot  
  172  10:59  Marauder x2, Supply Depot  
  172  11:03  Missile Turret, Supply Depot  
  172  11:04  Marine x3, Marauder  
  173  11:07  Supply Depot  
  173  11:10  Command Center  
  181  11:15  Combat Shield  
  181  11:18  Marine, Concussive Shells  
  182  11:32  Sensor Tower  
  182  11:34  Medivac x2  
  182  11:35  Medivac  
  188  11:53  Factory Tech Lab  
  188  12:14  Marine x4  
  188  12:15  Command Center  
  191  12:30  Command Center  
Tags
 
Add a new tag
Caveats
  • Supply blocks, unpowered buildings, or Contaminate may cause inaccurate times.
  • Supply counts are checked every 10 seconds.